AoeStats
← Belgianwafflelegend69

Arabia

503413972Analyzed
2v2 RM · 1mo ago on Aug 31, 2026· 46m 41s· 4 players
Game mode
Random Map
Map size
Medium (4 player)
Population
200
Speed
Normal
Resources
Standard
Victory
Conquest
Starting age
Dark Age
Ending age
Imperial Age
RankedLock teamsTeams togetherTeam positionsShared explorationLock speedFull tech treeHidden civsTurbo modeCheats
Victory
Defeat
🇩🇪 Italians · Germany
1009
+39
🇧🇪 Poles · Belgium
1005
+17
🇦🇷 Ethiopians · Argentina
1048
-18
🇦🇷 Spanish · Argentina
984
-15
Belgianwafflelegend69
8:13 Loom
11:06 Feudal Age
11:53 Double-Bit Axe
21:39 Bloodlines
26:56 Wheelbarrow
30:14 Forging
30:09 Scale Barding Armor
31:10 Horse Collar
34:36 Castle Age
33:59 Fletching
35:01 Gold Mining
36:32 Iron Casting
36:17 Chain Barding Armor
36:11 Bow Saw
36:48 Szlachta Privileges
36:52 Husbandry
37:00 Bodkin Arrow
38:06 Light Cavalry
38:39 Town Watch
40:30 Heavy Plow
41:33 Hand Cart
45:24 Town Patrol
49:27 Imperial Age
JP
7:12 Loom
9:53 Feudal Age
10:35 Double-Bit Axe
16:12 Fletching
19:32 Padded Archer Armor
26:06 Castle Age
28:21 Castle Age
27:00 Gold Mining
28:29 Crossbowman
29:07 Bodkin Arrow
30:38 Leather Archer Armor
31:47 Ballistics
31:51 Thumb Ring
32:48 Wheelbarrow
35:05 Bow Saw
41:28 Imperial Age
39:32 Hand Cart
39:01 Horse Collar
41:31 Arbalester
43:13 Chemistry
42:30 Bracer
45:49 Ring Archer Armor
Pem
11:39 Feudal Age
12:00 Loom
30:24 Castle Age
29:15 Horse Collar
29:21 Double-Bit Axe
29:28 Stone Mining
29:33 Gold Mining
34:56 Husbandry
36:10 Scale Barding Armor
41:42 Pikeman
42:22 Squires
45:16 Scale Mail Armor
Pablo
11:15 Feudal Age
27:17 Castle Age
26:18 Padded Archer Armor
26:50 Fletching
27:23 Crossbowman
28:44 Leather Archer Armor
33:57 Gold Mining
35:04 Thumb Ring
38:46 Bodkin Arrow
43:14 Double-Bit Axe
Connection lost

Rejoining the realm…

Still unreachable

The connection could not be restored.

Session expired

The server has moved on; the page needs a fresh start.